 Dungeon Crawl Stone Soup version 0.28-a0-1227-ga9037bb4c8 (webtiles) character file.

Game seed: 2305162193853423434

341 sanka the Shield-Bearer (level 6, -19/53 HPs)
             Began as a Gnoll Fighter on Dec 22, 2021.
             Demolished by Menkaure (20 damage)
             ... on level 4 of the Dungeon.
             The game lasted 00:05:33 (4507 turns).

sanka the Shield-Bearer (Gnoll Fighter)             Turns: 4507, Time: 00:05:34

Health: -19/53     AC:  7    Str: 15    XL:     6   Next: 56%
Magic:  9/9        EV: 10    Int:  9    God:
Gold:   150        SH: 10    Dex: 12    Spells: 9/9 levels left

rFire   . . .      SeeInvis .   a - +0 long sword
rCold   . . .      Faith    .   c - +0 buckler
rNeg    . . .      Spirit   .   b - +0 scale mail
rPois   .          Reflect  +   (no helmet)
rElec   .          Harm     .   (no cloak)
rCorr   .          Rampage  .   (no gloves)
Will    .....                   (no boots)
Stlth   ..........              l - amulet of reflection
HPRegen 0.17/turn               (no ring)
MPRegen 0.11/turn               (no ring)

@: mighty
A: fangs 1, strong nose, distributed training
a: no special abilities


You were on level 4 of the Dungeon.
You visited 1 branch of the dungeon, and saw 4 of its levels.

You collected 150 gold pieces.


Innate Abilities, Weirdness & Mutations

You have very sharp teeth.
Your uncanny sense of smell can sniff out nearby items.
Your experience applies equally to all skills.


   Skills:
 + Level 6.8 Fighting
 + Level 2.0 Short Blades
 + Level 5.0 Long Blades
 + Level 2.0 Axes
 + Level 2.0 Maces & Flails
 + Level 2.0 Polearms
 + Level 2.0 Staves
 + Level 2.0 Slings
 + Level 2.0 Bows
 + Level 2.0 Crossbows
 + Level 2.0 Throwing
 + Level 6.8 Armour
 + Level 2.0 Dodging
 + Level 2.0 Stealth
 + Level 6.8 Shields
 + Level 2.0 Unarmed Combat
 + Level 2.0 Spellcasting
 + Level 1.6 Conjurations
 + Level 1.6 Hexes
 + Level 1.6 Summonings
 + Level 1.6 Necromancy
 + Level 1.6 Translocations
 + Level 1.6 Transmutations
 + Level 1.6 Fire Magic
 + Level 1.6 Ice Magic
 + Level 1.6 Air Magic
 + Level 1.6 Earth Magic
 + Level 1.6 Poison Magic
 + Level 2.2 Invocations
 + Level 2.0 Evocations


You had 9 spell levels left.
You didn't know any spells.
Your spell library contained the following spells:

 Spells                   Type           Power      Damage    Failure   Level
 Freeze                   Ice            12%        1d4       50%         1
 Ensorcelled Hibernation  Hex/Ice        6%         N/A       65%         2
 Passwall                 Tmut/Erth      2%         N/A       65%         2
 Swiftness                Air            3%         N/A       86%         3
 Teleport Other           Tloc           3%         N/A       86%         3
 Tukima's Dance           Hex            3%         N/A       86%         3
 Passage of Golubria      Tloc           3%         N/A       99%         4

Inventory:

Hand Weapons
 a - a +0 long sword (weapon)
 k - a +0 dagger of draining
Missiles
 p - 6 javelins (quivered)
Armour
 b - a +0 scale mail (worn)
 c - a +0 buckler (worn)
Magical Staves
 o - a staff of cold
Jewellery
 h - a ring of ice
 l - an amulet of reflection (around neck)
Scrolls
 e - a scroll of fog {unknown}
 f - a scroll of enchant armour {unknown}
 g - 4 scrolls of identify {unknown}
 i - 2 scrolls of teleportation {unknown}
 j - a scroll of blinking {unknown}
 m - a scroll of holy word {unknown}
 q - a scroll of amnesia {unknown}
Potions
 n - a potion of magic {unknown}
 r - a potion of attraction {unknown}
 s - 2 potions of flight {unknown}

Dungeon Overview and Level Annotations

Branches:
Dungeon (4/15)
 Temple: D:4-7

Altars:

Shops:
D:2 [

Annotations:
D:4 Menkaure, Pikel

..▒▒ ...▒ ▒▒▒▒▒...
▒.▒▒...▒▒....▒▒
▒.▒....▒......▒▒
......▒ .......▒▒
.........▒▒.....▒
....▒▒.▒▒.......▒▒▒▒▒
....▒..▒▒.▒▒.....▒..▒
....▒.....▒▒▒...gM..▒
...<............▒...▒
....▒▒....▒▒▒...▒▒.▒▒
.........▒▒▒.....▒▒▒
.........▒▒▒..▒..▒
.▒........▒▒▒▒▒.▒▒
.▒▒....[..▒▒ ▒▒▒
......▒....▒
.....▒▒▒...▒


You could see Menkaure (fast).


Message History

Menkaure barely misses you.
You slash Menkaure!
Menkaure is moderately damaged.
Menkaure calls on the powers of darkness!
Your body is wracked with pain!
* * * LOW HITPOINT WARNING * * *
Menkaure hits you.
* * * LOW HITPOINT WARNING * * *
You hit Menkaure.
Menkaure is heavily damaged.
Menkaure hits you.
* * * LOW HITPOINT WARNING * * *
You hit Menkaure.
Menkaure is heavily damaged.
Menkaure barely misses you.
You completely miss Menkaure. You bite Menkaure, but do no damage.
Menkaure is heavily damaged.
Menkaure points at you and mumbles some strange words.
You barely resist.
Menkaure points at you and mumbles some strange words.
You barely resist.
You feel very mighty all of a sudden. You block Menkaure's attack.
You hit Menkaure.
Menkaure is severely damaged.
Menkaure hits you!
* * * LOW HITPOINT WARNING * * *
Menkaure hits you!!
You die...

Action                   |  1- 3 |  4- 6 || total
-------------------------+-------+-------++-------
Melee: Long sword        |    82 |   248 ||   330
       Bite              |    11 |    16 ||    27
Throw: Javelin           |       |     3 ||     3
  Use: Potion            |       |     1 ||     1
Armor: Scale mail        |    27 |    93 ||   120
Dodge: Dodged            |    34 |    76 ||   110
Block: Buckler           |    16 |   148 ||   164

Levels and vault maps discovered:
D:1:      lightli_arrival_flooded_house, layout_basic, dk_noncrumbling_3,
          nrook_campfire
D:2:      layout_basic, serial_shops,
          nicolae_shop_temple_entry_statues_fountains, grunt_ministairs_14,
          minmay_misc_feat_room, uniq_jessica
D:3:      layout_basic, ebering_ecumenical_altar_rust
D:4:      layout_cave_pools, uniq_menkaure, uniq_pikel

Notes
Turn   | Place    | Note
-------+----------+-------------------------------------------
     0 | D:1      | sanka the Gnoll Fighter began the quest for the Orb.
     0 | D:1      | Reached XP level 1. HP: 23/23 MP: 1/1
   235 | D:1      | Reached XP level 2. HP: 29/29 MP: 2/2
   278 | D:2      | Got Sif Muna's Volume of the Glacier and Translocation
   340 | D:2      | Noticed Jessica
   345 | D:2      | Killed Jessica
   346 | D:2      | Reached XP level 3. HP: 33/35 MP: 2/4
   492 | D:2      | Reached skill level 1 in Invocations
   548 | D:2      | Found Uceang's Antique Armour Shoppe.
   715 | D:2      | Reached skill level 1 in Short Blades
   715 | D:2      | Reached skill level 1 in Axes
   715 | D:2      | Reached skill level 1 in Maces & Flails
   715 | D:2      | Reached skill level 1 in Polearms
   715 | D:2      | Reached skill level 1 in Staves
   715 | D:2      | Reached skill level 1 in Slings
   715 | D:2      | Reached skill level 1 in Bows
   715 | D:2      | Reached skill level 1 in Crossbows
   715 | D:2      | Reached skill level 1 in Throwing
   715 | D:2      | Reached skill level 1 in Dodging
   715 | D:2      | Reached skill level 1 in Stealth
   715 | D:2      | Reached skill level 1 in Unarmed Combat
   715 | D:2      | Reached skill level 1 in Spellcasting
   715 | D:2      | Reached skill level 1 in Evocations
  1168 | D:2      | Reached XP level 4. HP: 41/41 MP: 5/5
  2251 | D:3      | Reached skill level 1 in Conjurations
  2251 | D:3      | Reached skill level 1 in Hexes
  2251 | D:3      | Reached skill level 1 in Summonings
  2251 | D:3      | Reached skill level 1 in Necromancy
  2251 | D:3      | Reached skill level 1 in Translocations
  2251 | D:3      | Reached skill level 1 in Transmutations
  2251 | D:3      | Reached skill level 1 in Fire Magic
  2251 | D:3      | Reached skill level 1 in Ice Magic
  2251 | D:3      | Reached skill level 1 in Air Magic
  2251 | D:3      | Reached skill level 1 in Earth Magic
  2251 | D:3      | Reached skill level 1 in Poison Magic
  2540 | D:3      | Reached XP level 5. HP: 31/47 MP: 5/7
  2727 | D:3      | Found a faded altar of an unknown god.
  2745 | D:3      | HP: 3/47 [gnoll (11)]
  3343 | D:4      | Noticed a lemure
  3343 | D:4      | Noticed a lemure
  3346 | D:4      | Noticed a lemure
  3346 | D:4      | Noticed Pikel
  3542 | D:4      | Noticed an ogre
  3567 | D:4      | HP: 4/47 [ogre (18)]
  3584 | D:3      | HP: 3/47 [hobgoblin (4)]
  4049 | D:4      | Reached skill level 2 in Invocations
  4049 | D:4      | Reached XP level 6. HP: 53/53 MP: 8/8
  4057 | D:4      | Reached skill level 2 in Short Blades
  4057 | D:4      | Reached skill level 5 in Long Blades
  4057 | D:4      | Reached skill level 2 in Axes
  4057 | D:4      | Reached skill level 2 in Maces & Flails
  4057 | D:4      | Reached skill level 2 in Polearms
  4057 | D:4      | Reached skill level 2 in Staves
  4057 | D:4      | Reached skill level 2 in Slings
  4057 | D:4      | Reached skill level 2 in Bows
  4057 | D:4      | Reached skill level 2 in Crossbows
  4057 | D:4      | Reached skill level 2 in Throwing
  4057 | D:4      | Reached skill level 2 in Dodging
  4057 | D:4      | Reached skill level 2 in Stealth
  4057 | D:4      | Reached skill level 2 in Unarmed Combat
  4057 | D:4      | Reached skill level 2 in Spellcasting
  4057 | D:4      | Reached skill level 2 in Evocations
  4494 | D:4      | Noticed Menkaure
  4507 | D:4      | HP: 1/53 [Menkaure (10)]
  4507 | D:4      | Demolished by Menkaure

Vanquished Creatures
  An ogre (D:4)
  2 lemures (D:3)
  An orc priest (D:4)
  Jessica (D:2)
  2 orc wizards
  3 adders
  3 gnolls (D:3)
  2 worms
  8 orcs
  6 ball pythons
  7 bats
  8 endoplasms
  5 giant cockroaches
  5 goblins
  6 hobgoblins
  8 jackals (D:1)
  3 quokkas
  4 frilled lizards
  11 kobolds
  4 rats
90 creatures vanquished.
